 Dungeon Crawl Stone Soup version 0.29-a0-330-g52719c12eb (webtiles) character file.

Game seed: 7400267114909805133

2373 kae the Arsonist (level 9, -14/62 HPs)
             Began as a Demigod Fire Elementalist on Apr 19, 2022.
             Killed by vampiric draining
             ... invoked by a vampire
              (17 damage)
             ... on level 8 of the Dungeon.
             The game lasted 00:05:50 (9926 turns).

kae the Arsonist (Demigod Fire Elementalist)        Turns: 9926, Time: 00:05:51

Health: -14/62     AC:  5    Str:  9    XL:     9   Next: 1%
Magic:  10/20      EV: 12    Int: 29    God:
Gold:   861        SH:  0    Dex: 20    Spells: 7/18 levels left

rFire   + . .      SeeInvis .   c - staff of fire
rCold   . . .      Faith    .   (no shield)
rNeg    . . .      Spirit   .   a - +1 robe
rPois   .          Reflect  .   u - +2 hat
rElec   .          Harm     .   g - scarf {+Inv}
rCorr   .          Rampage  .   (no gloves)
Will    .....                   (no boots)
Stlth   ++........              (no amulet)
HPRegen 0.20/turn               l - ring of wizardry
MPRegen 0.17/turn               x - +6 ring of dexterity

@: no status effects
A: high MP 1, forlorn, divine attributes
a: Evoke Invisibility


You were on level 8 of the Dungeon.
You visited 1 branch of the dungeon, and saw 8 of its levels.

You collected 861 gold pieces.

Inventory:

Armour
 a - a +1 robe (worn)
 g - a scarf of invisibility (worn)
 u - a +2 hat (worn)
Magical Staves
 c - a staff of fire (weapon)
Jewellery
 l - a ring of wizardry (left hand)
 x - a +6 ring of dexterity (right hand)
Wands
 j - a wand of iceblast (9)
Scrolls
 f - 3 scrolls of enchant weapon
 m - 3 scrolls of fog
 r - 3 scrolls of immolation
 v - 2 scrolls of magic mapping
Potions
 b - a potion of magic
 d - a potion of invisibility
 e - 5 potions of curing
 h - 2 potions of brilliance
 k - a potion of attraction {unknown}
 n - 2 potions of mutation {unknown}
 o - 4 potions of haste {unknown}
 p - a potion of degeneration {unknown}
 q - a potion of resistance {unknown}
 t - a potion of flight {unknown}


   Skills:
 - Level 1.7 Dodging
 - Level 1.7 Stealth
 + Level 5.4 Spellcasting
 + Level 5.6 Conjurations
 * Level 8.6 Fire Magic


You had 7 spell levels left.
You knew the following spells:

 Your Spells              Type           Power      Damage    Failure   Level
a - Foxfire               Conj/Fire      100%       2x1d9     1%          1
b - Scorch                Fire           100%       2d10      1%          2
c - Conjure Flame         Conj/Fire      65%        6-21      1%          3
d - Blink                 Tloc           14%        N/A       3%          2
e - Inner Flame           Hex/Fire       49%        N/A       1%          3

Your spell library contained the following spells:

 Spells                   Type           Power      Damage    Failure   Level
 Flame Wave               Conj/Fire      65%        2d12      1%          4
 Lesser Beckoning         Tloc           7%         N/A       8%          3
 Ozocubu's Armour         Ice            7%         N/A       8%          3
 Manifold Assault         Tloc           7%         N/A       52%         5
 Ozocubu's Refrigeration  Ice            3%         4d5       100%        7


Dungeon Overview and Level Annotations

Branches:
Dungeon (8/15)             Temple (0/1) D:6
   Lair: D:8-11

Shops:
D:3 [   D:4 *

Portals:
Abyss: D:5

Annotations:
D:3 Terence
D:5 2 transporters, Ajdolov's ghost, novice OgBe
D:7 exclusion: ugly thing


Innate Abilities, Weirdness & Mutations

You have an increased reservoir of magic. (+10% MP)
You shall have no god before yourself.
Your divine heritage dramatically boosts your attributes as you level up.


Message History

The vampire's fire resistance burns away.
The vampire hits you. The vampire bites you!
The vampire draws strength from your injuries!
Casting: Scorch (safe; 1% risk of failure)
Confirm with . or Enter, or press ? or * to list all spells.
You feel a surge of power!
Flames lash the vampire.
The vampire is burned terribly!
The vampire is severely damaged.
The vampire hits you but does no damage.
The vampire bites you.
The vampire draws strength from your injuries!
The vampire draws life force from you!
The vampire is healed by the life force!
Casting: Scorch (safe; 1% risk of failure)
Confirm with . or Enter, or press ? or * to list all spells.
You feel a surge of power!
Flames lash the vampire.
The vampire is heavily damaged.
The vampire barely misses you. The vampire bites you.
The vampire draws strength from your injuries!
The vampire hits you. The vampire bites you!
* * * LOW HITPOINT WARNING * * *
The vampire draws strength from your injuries!
Casting: Scorch (safe; 1% risk of failure)
Confirm with . or Enter, or press ? or * to list all spells.
You feel a surge of power!
Flames lash the vampire.
The vampire is burned terribly!
The vampire is severely damaged.
The vampire barely misses you. The vampire bites you.
* * * LOW HITPOINT WARNING * * *
The vampire draws strength from your injuries!
The vampire misses you. The vampire bites you.
* * * LOW HITPOINT WARNING * * *
The vampire draws strength from your injuries!
Casting: Scorch (safe; 1% risk of failure)
Confirm with . or Enter, or press ? or * to list all spells.
You feel a surge of power!
Flames lash the vampire.
The vampire is burned terribly!
The vampire is severely damaged.
The vampire draws life force from you!
You die...

..... #... ..... #...
...... .... #.... ......
.... ..#....#####......
..# ...#.......ยง.......
..###...#.....#.#.......
........#...#...@V#....
........#.....#.#.......
........#.#.........#.##
........#...#.....#...#
.########.#...._....#.#
'####...#...#.....#...#
........#.#.........#.#
........'.....#.#.....#
........#...#.....#..#


You could see a vampire (combustible).

Vanquished Creatures
  Prince Ribbit (D:7)
  A wyvern (D:6)
  A shadow (D:7)
  A water moccasin (D:4)
  An orc warrior (D:7)
  A black bear (D:4)
  A centaur (D:8)
  An ogre (D:4)
  2 bullfrogs (D:7)
  A necrophage (D:7)
  2 scorpions
  8 killer bees
  3 hounds
  2 gnoll shamans
  3 jellies (D:6)
  4 iguanas
  3 orc wizards
  Robin (D:1)
  7 adders
  12 gnolls
  A shadow imp (D:6)
  2 ufetubi (D:6)
  2 worms
  A dart slug (D:4)
  21 orcs
  6 ball pythons
  3 endoplasms
  5 giant cockroaches
  12 hobgoblins
  7 jackals
  2 quokkas
  8 bats
  2 frilled lizards (D:1)
  21 goblins
  8 kobolds
  2 rats (D:1)
  A spectral goblin (D:6)
160 creatures vanquished.

Vanquished Creatures (collateral kills)
  A foxfire (D:7)
1 creature vanquished.

Vanquished Creatures (others)
  510 foxfires
510 creatures vanquished.

Grand Total: 671 creatures vanquished

Notes
Turn   | Place    | Note
-------+----------+-------------------------------------------
     0 | D:1      | kae the Demigod Fire Elementalist began the quest for the
                  | Orb.
     0 | D:1      | Reached XP level 1. HP: 14/14 MP: 5/5
    75 | D:1      | Reached skill level 1 in Conjurations
   455 | D:1      | Reached skill level 3 in Fire Magic
   632 | D:1      | Reached XP level 2. HP: 20/20 MP: 2/7
  1170 | D:1      | Identified a scroll of acquirement
  1170 | D:1      | Acquired a staff of fire
  1278 | D:2      | Learned a level 2 spell: Scorch
  1356 | D:2      | Noticed Robin
  1388 | D:1      | Killed Robin
  1389 | D:1      | Reached XP level 3. HP: 23/26 MP: 1/8
  2003 | D:2      | Reached XP level 4. HP: 33/33 MP: 3/10
  2287 | D:3      | Reached skill level 4 in Fire Magic
  2578 | D:3      | Learned a level 3 spell: Conjure Flame
  2581 | D:3      | Learned a level 2 spell: Blink
  2594 | D:3      | Noticed Terence
  2815 | D:2      | HP: 1/33 [gnoll/+0 halberd (2)]
  3164 | D:3      | Found Risk's Antique Armour Shop.
  3317 | D:3      | Reached XP level 5. HP: 38/38 MP: 3/12
  3758 | D:4      | Noticed a water moccasin
  3767 | D:4      | Killed a water moccasin
  3768 | D:4      | Reached XP level 6. HP: 45/45 MP: 7/13
  3881 | D:4      | Reached skill level 5 in Fire Magic
  4512 | D:4      | Found Idaudix's Serpentskin Sales.
  4630 | D:5      | Entered Level 5 of the Dungeon
  4762 | D:5      | Found a transporter.
  4786 | D:5      | Found a one-way gate to the infinite horrors of the Abyss.
  4786 | D:5      | Noticed Ajdolov's ghost (novice OgBe)
  4788 | D:5      | Noticed a small abomination
  4968 | D:5      | Found a transporter.
  5178 | D:6      | Reached XP level 7. HP: 50/50 MP: 9/15
  5634 | D:6      | Reached skill level 6 in Fire Magic
  5844 | D:6      | Found a staircase to the Ecumenical Temple.
  6149 | D:6      | Learned a level 3 spell: Inner Flame
  6479 | D:6      | Noticed a wyvern
  6487 | D:6      | Killed a wyvern
  7493 | D:7      | Reached skill level 7 in Fire Magic
  7493 | D:7      | Reached XP level 8. HP: 9/57 MP: 2/18
  7733 | D:7      | Acquired 456 gold pieces
  8743 | D:7      | Reached skill level 5 in Conjurations
  9022 | D:7      | Reached skill level 5 in Spellcasting
  9096 | D:7      | Reached skill level 8 in Fire Magic
  9284 | D:7      | Noticed a brown ugly thing
  9408 | D:7      | Noticed Prince Ribbit
  9415 | D:7      | Killed Prince Ribbit
  9792 | D:8      | Reached XP level 9. HP: 40/62 MP: 7/20
  9925 | D:8      | HP: 3/62 [vampire (3)]
  9926 | D:8      | Killed from afar by a vampire

Illustrated notes

Levels and vault maps discovered:
D:1:      sevenhm_arrival_forest_fort_small_4, layout_loops_cross,
          basic_ecumenical_altar
D:2:      layout_rooms, uniq_robin
D:3:      layout_basic, old_standard_altar, mainiacjoe_overflow_alcove_2,
          serial_shops, nicolae_shop_behind_doors, uniq_terence
D:4:      layout_cave_pools, minivault_19, guppyfry_shop_venom
D:5:      layout_basic, mainiacjoe_overflow_paths, old_standard_altar,
          gammafunk_ghost_abyssal_escape
D:6:      corexii_shantytown, layout_cave_pods,
          nicolae_hepliaklqana_monster_ancestors, minmay_temple_entry_large_hall
D:7:      layout_loops_corners, mainiacjoe_overflow_boulevard, tso_oasis_becter,
          minmay_small_thing, uniq_prince_ribbit1
D:8:      minmay_general_purpose_star, layout_gridville,
          nicolae_vehumet_radiance

Skill      XL: |  1  2  3  4  5  6  7  8 |
---------------+-------------------------+-----
Conjurations   | 1 2 3 4 5 |  5.6
Fire Magic     | 3 4 5 7 8 |  8.6
Spellcasting   | 2 3 4 5 |  5.4
Dodging        | |  1.7
Stealth        | |  1.7

Action                   |  1- 3 |  4- 6 |  7- 9 || total
-------------------------+-------+-------+-------++-------
Melee: Unarmed           |     4 |       |       ||     4
       Staff             |     1 |     3 |     1 ||     5
       Punch             |       |     1 |       ||     1
 Cast: Foxfire           |    81 |    82 |   124 ||   287
       Scorch            |     3 |    23 |    72 ||    98
       Conjure Flame     |       |       |    10 ||    10
  Use: Scroll            |     5 |     5 |     4 ||    14
       Potion            |       |     4 |     4 ||     8
Armor: Robe              |     6 |     6 |    18 ||    30
Dodge: Dodged            |    20 |    39 |    79 ||   138

Table legend: (Time is in decaauts)
 A = Elapsed time spent in this place.
 B = Non-inter-level travel time spent in this place.
 C = Inter-level travel time spent in this place.
 D = Time resting spent in this place.
 E = Time spent auto-exploring this place.
 F = Levels seen in this place.
 G = Mean time per level.
                   A        B        C        D        E       F      G
               +--------+--------+--------+--------+--------+-----+--------+
         Total |   9928 |   9696 |    232 |   1349 |   6998 |   8 | 1241.0 |
       Dungeon |   9928 |   9696 |    232 |   1349 |   6998 |   8 | 1241.0 |
               +--------+--------+--------+--------+--------+-----+--------+

Top non-repeatable levels by time:
     D:7: 2292 daAuts
     D:6: 2159 daAuts
     D:2: 1458 daAuts
     D:1: 1269 daAuts
     D:3: 978 daAuts
     D:4: 928 daAuts
     D:5: 502 daAuts
     D:8: 340 daAuts
